 Dungeon Crawl Stone Soup version 0.19-a0-811-gf4045fb (webtiles) character file.

6309 st0uf the Cleaver (level 10, -7/86 HPs)
             Began as a Minotaur Fighter on June 28, 2016.
             Was a Believer of Uskayaw.
             Mangled by a two-headed hydra (8 damage)
             ... on level 1 of the Lair of Beasts.
             The game lasted 00:39:12 (7486 turns).

st0uf the Cleaver (Minotaur Fighter)                Turns: 7486, Time: 00:39:13

Health: -7/86      AC: 10    Str: 21    XL:     10   Next: 64%
Magic:  12/12      EV: 11    Int:  5    God:    Uskayaw [**....]
Gold:   392        SH: 11    Dex: 13    Spells: 0 memorised, 9 levels left

rFire  . . .     SeeInvis +     Y - +2 falchion (flame)
rCold  + . .     Gourm    .     b - +0 scale mail
rNeg   . . .     Faith    .     c - +0 shield
rPois  .         Spirit   .     (helmet restricted)
rElec  .         Dismiss  .     l - +0 cloak
rCorr  .         Reflect  .     (no gloves)
SustAt .         Harm     .     C - +0 pair of boots
MR     .....                    H - amulet of regeneration
Stlth  ..........               T - ring of see invisible
                                N - ring of protection from cold

@: not resistant to hostile enchantments, extremely unstealthy
A: retaliatory headbutt, horns 2
a: Stomp, Line Pass, Renounce Religion


You were on level 1 of the Lair of Beasts.
You worshipped Uskayaw.
Uskayaw was pleased with you.
You were not hungry.

You visited 3 branches of the dungeon, and saw 11 of its levels.

You collected 532 gold pieces.
You spent 140 gold pieces at shops.

Inventory:

Hand Weapons
 a - a +0 war axe
 n - a +3 hunting sling of flaming
 Y - a +2 falchion of flaming (weapon)
Missiles
 g - 343 stones (quivered)
 p - 117 sling bullets
Armour
 b - a +0 scale mail (worn)
 c - a +0 shield (worn)
 l - a +0 cloak (worn)
 y - a +1 large shield of protection
 C - a +0 pair of boots (worn)
 V - a +1 chain mail of magic resistance
Jewellery
 k - a +5 amulet of reflection
 H - an amulet of regeneration (around neck)
 N - a ring of protection from cold (left hand)
 R - an uncursed ring of protection from cold
 T - a ring of see invisible (right hand)
 U - an uncursed amulet of rage
Wands
 E - a wand of random effects (21/48)
 S - a wand of flame (10/48)
Scrolls
 i - 3 scrolls of magic mapping {unknown}
 j - 4 scrolls of enchant weapon {unknown}
 o - 14 scrolls of identify
 t - 2 scrolls of fog {unknown}
 u - 2 scrolls of blinking {unknown}
 w - 3 scrolls of random uselessness {unknown}
 D - a scroll of fear {unknown}
 G - 5 scrolls of enchant armour {unknown}
 I - 2 scrolls of remove curse {unknown}
 K - 3 scrolls of noise {unknown}
 M - a scroll of recharging {unknown}
 O - 2 scrolls of silence {unknown}
Potions
 d - 2 potions of might
 e - 4 potions of degeneration {unknown}
 q - a potion of curing {unknown}
 s - 2 potions of cancellation {unknown}
 v - 2 potions of cure mutation {unknown}
 x - 2 potions of agility
 z - 2 potions of ambrosia {unknown}
 A - 2 potions of heal wounds {unknown}
 B - a potion of resistance {unknown}
 F - a potion of berserk rage {unknown}
 P - a potion of mutation {unknown}
 Q - a potion of brilliance {unknown}
 W - a potion of magic {unknown}
 X - a potion of haste {unknown}
Comestibles
 f - 11 bread rations
 h - 10 meat rations
 m - a beef jerky
 r - 9 slices of pizza
 J - a royal jelly
 L - 34 fruits
 Z - 3 chunks of flesh


   Skills:
 + Level 7.2 Fighting
 * Level 10.3 Axes
 * Level 7.2 Slings
 + Level 7.5 Armour
 + Level 5.4 Dodging
 + Level 7.8 Shields
 * Level 5.2 Invocations


You had 9 spell levels left.
You didn't know any spells.

Dungeon Overview and Level Annotations

Branches:
Dungeon (9/15)             Temple (1/1) D:5            Lair (1/6) D:9
    Orc: D:9-12

Altars:
Ashenzari
Cheibriados
Dithmenos
Elyvilon
Fedhas
Gozag
Hepliaklqana
Kikubaaqudgha
Makhleb
Nemelex Xobeh
Okawaru
Pakellas
Qazlal
Ru
Sif Muna
Trog
Uskayaw
Vehumet
Xom
Yredelemnul
Zin
The Shining One

Shops:
D:4 ?   D:6 [

Annotations:
D:9 exclusion: 2 doors


Innate Abilities, Weirdness & Mutations

You reflexively headbutt those who attack you in melee.
You have a pair of horns on your head.


Message History

* * * LOW HITPOINT WARNING * * *
The four-headed hydra bites you but does no damage.
You can now pass through a line of other dancers.
Okay, then.
You slice one of the four-headed hydra's heads off!
The flame cauterises the wound!
You hit the three-headed hydra. You burn the three-headed hydra.
The three-headed hydra is heavily wounded.
The three-headed hydra bites you but does no damage.
You block the three-headed hydra's attack. x2
Unknown command.
You hack one of the three-headed hydra's heads off!
The flame cauterises the wound!
You slash the two-headed hydra! You burn the two-headed hydra.
The two-headed hydra is severely wounded.
The two-headed hydra bites you!
* * * LOW HITPOINT WARNING * * *
The two-headed hydra bites you but does no damage. x2
The two-headed hydra bites you!
You die...

### ###
#########P#######.##
#...................
#...##.###..........
#....### #.......##.
#...D# #P......P###
#..@#...##......##..
#../##..##..........
#...+ ..##......#...
#....# .+.......##..
##...##
##.......#.##
#......###.......#..
#...................
#...................
.......<.......†


You could see a two-headed hydra.

Vanquished Creatures
  A hydra (D:9)
  A hill giant (D:9)
  A troll (D:9)
  Sigmund (D:4)
  2 yaks (D:9)
  A hungry ghost (D:9)
  2 vampire mosquitoes (D:9)
  Duvessa (D:4)
  A water moccasin (Lair:1)
  An ice beast (D:6)
  2 orc warriors
  2 sky beasts
  3 phantoms
  3 ogres
  4 centaurs
  A crocodile (Lair:1)
  3 big kobolds (D:9)
  2 giant frogs (Lair:1)
  A gnoll sergeant (D:8)
  Dowan (D:4)
  A wyvern zombie (D:8)
  2 scorpions
  4 killer bees (D:7)
  6 wights
  2 howler monkeys (D:8)
  A crimson imp (D:9)
  A centaur zombie (D:6)
  A quasit (D:8)
  7 orc wizards
  An orc priest (D:5)
  3 centaur skeletons
  4 hounds
  A giant frog skeleton (D:6)
  Jessica (D:3)
  2 iguanas
  Natasha (thrice) (D:3)
  5 worker ants
  2 sheep (D:9)
  A hound skeleton (D:4)
  2 worker ant zombies
  Robin (D:3)
  A howler monkey skeleton (D:8)
  A howler monkey zombie (D:5)
  8 gnolls (D:8)
  9 adders
  10 river rats (Lair:1)
  2 shadow imps (D:8)
  3 oozes
  An adder skeleton (D:7)
  2 adder zombies
  3 worms
  3 dart slugs
  2 giant geckos
  32 orcs
  9 bats
  3 giant cockroaches
  18 goblins
  9 hobgoblins
  10 jackals
  6 kobolds
  A quokka (D:7)
  A giant cockroach zombie (D:5)
  A giant gecko skeleton (D:4)
  3 giant newts
  A jackal skeleton (D:7)
  5 rats
  A fungus (D:9)
230 creatures vanquished.

Vanquished Creatures (others)
  A centaur (D:8)
  2 fungi (D:9)
3 creatures vanquished.

Grand Total: 233 creatures vanquished

Notes
Turn   | Place    | Note
--------------------------------------------------------------
     0 | D:1      | st0uf the Minotaur Fighter began the quest for the Orb.
     0 | D:1      | Reached XP level 1. HP: 19/19 MP: 0/0
    72 | D:1      | Reached XP level 2. HP: 27/27 MP: 1/1
   289 | D:1      | Reached skill level 3 in Axes
   289 | D:1      | Reached XP level 3. HP: 31/33 MP: 2/2
  1373 | D:3      | Found a stormy altar of Qazlal.
  1393 | D:3      | Noticed Jessica
  1399 | D:3      | Killed Jessica
  1399 | D:3      | Reached XP level 4. HP: 40/40 MP: 3/3
  1459 | D:3      | Reached skill level 1 in Slings
  1459 | D:3      | Reached skill level 1 in Dodging
  1582 | D:3      | Noticed Robin
  1617 | D:3      | Killed Robin
  1617 | D:3      | Reached XP level 5. HP: 37/46 MP: 4/4
  1834 | D:3      | Noticed Natasha
  1837 | D:3      | Killed Natasha
  1958 | D:3      | Noticed Natasha
  1965 | D:3      | Killed Natasha
  1965 | D:3      | Reached skill level 4 in Axes
  1978 | D:3      | Noticed a phantom
  1999 | D:3      | Killed a phantom
  1999 | D:3      | Reached XP level 6. HP: 43/53 MP: 5/5
  2060 | D:3      | Noticed Natasha
  2065 | D:3      | Killed Natasha
  2690 | D:4      | Reached skill level 5 in Fighting
  2690 | D:4      | Reached skill level 5 in Shields
  2845 | D:4      | Noticed Duvessa
  2845 | D:4      | Noticed Dowan
  2856 | D:4      | Killed Duvessa
  2856 | D:4      | Reached skill level 5 in Axes
  2856 | D:4      | Reached skill level 5 in Armour
  2856 | D:4      | Reached XP level 7. HP: 59/61 MP: 6/6
  3064 | D:4      | Killed Dowan
  3170 | D:4      | Noticed Sigmund
  3182 | D:4      | Killed Sigmund
  3301 | D:4      | Found Tuipeh's Magic Scroll Emporium.
  3309 | D:4      | Bought a scroll of identify for 28 gold pieces
  3309 | D:4      | Bought a scroll of identify for 28 gold pieces
  3309 | D:4      | Bought a scroll of identify for 28 gold pieces
  3309 | D:4      | Bought a scroll of identify for 28 gold pieces
  3309 | D:4      | Bought a scroll of identify for 28 gold pieces
  3614 | D:5      | Entered Level 5 of the Dungeon
  3643 | D:5      | Reached skill level 6 in Axes
  3687 | D:5      | Found a staircase to the Ecumenical Temple.
  3694 | Temple   | Entered the Ecumenical Temple
  3819 | Temple   | Became a worshipper of Uskayaw the Reveler
  3848 | D:5      | Reached * piety under Uskayaw
  3908 | D:5      | Reached ** piety under Uskayaw
  3910 | D:5      | Reached XP level 8. HP: 62/69 MP: 7/7
  4121 | D:5      | Reached skill level 1 in Invocations
  4300 | D:6      | Reached skill level 7 in Axes
  4444 | D:6      | Found Fuzygof's Antique Armour Boutique.
  4904 | D:7      | Reached *** piety under Uskayaw
  4906 | D:7      | Reached **** piety under Uskayaw
  4917 | D:7      | Reached skill level 5 in Slings
  4917 | D:7      | Reached XP level 9. HP: 62/75 MP: 5/9
  5029 | D:7      | Reached skill level 8 in Axes
  5615 | D:8      | Reached ***** piety under Uskayaw
  6374 | D:9      | Reached skill level 9 in Axes
  6568 | D:9      | Found a staircase to the Lair.
  6649 | D:9      | Noticed a hill giant
  6659 | D:9      | Killed a hill giant
  6659 | D:9      | Reached XP level 10. HP: 71/84 MP: 9/12
  7015 | D:9      | Reached skill level 5 in Dodging
  7098 | D:9      | Found a sacrificial altar of Ru.
  7223 | D:9      | Noticed a three-headed hydra
  7239 | D:9      | Killed a one-headed hydra
  7239 | D:9      | Reached skill level 10 in Axes
  7251 | D:9      | Reached skill level 5 in Invocations
  7314 | Lair:1   | Entered Level 1 of the Lair of Beasts
  7477 | Lair:1   | Noticed a six-headed hydra
  7486 | Lair:1   | HP: 1/86 [two-headed hydra (11)]
  7486 | Lair:1   | Mangled by a two-headed hydra

Vault maps used:
D:1:      minmay_arrival_open_corners
D:2:      minmay_door_path, first_bread, minmay_pentomino_w2
D:3:      nicolae_overflow_crystal_walls, uniq_jessica, uniq_natasha, uniq_robin
D:4:      corexii_shack_village, serial_shops, shop_fountains, uniq_sigmund,
          uniq_duvessa
D:6:      serial_shops, shop
D:9:      nicolae_ru_the_path_less_chosen, dpeg_oklobed_lair, hangedman_ranch,
          corexii_corridor_pit, minmay_joined_circles
Temple:   regret_index_temple_chain_breaker
Lair:1:   lemuel_fruit_fields, lemuel_fruit_tree, uniq_nergalle

Skill      XL: |  1  2  3  4  5  6  7  8  9 10 |
---------------+-------------------------------+-----
Shields        | 4 5 6 7 |  7.8
Armour         | 4 5 6 7 |  7.5
Axes           | 3 4 5 6 7 9 10 | 10.3
Fighting       | 4 5 6 7 |  7.2
Slings         | 1 2 3 5 6 7 |  7.2
Dodging        | 1 2 3 4 5 |  5.4
Invocations    | 2 4 5 |  5.2

Action                   |  1- 3 |  4- 6 |  7- 9 | 10-12 || total
-------------------------+-------+-------+-------+-------++-------
Melee: War axe           |   104 |   121 |   335 |   118 ||   678
       Headbutt          |    11 |    21 |    79 |    24 ||   135
       Falchion          |       |       |       |     8 ||     8
 Fire: Hunting sling     |       |       |    77 |     9 ||    86
Invok: Stomp             |       |       |     3 |     1 ||     4
       Line Pass         |       |       |     3 |       ||     3
  Use: Scroll            |       |       |     2 |       ||     2
 Stab: Paralysed         |       |       |     4 |     8 ||    12
       Confused          |       |       |     1 |       ||     1
  Eat: Chunk             |     1 |     6 |    16 |     3 ||    26
Armor: Scale mail        |    53 |    32 |    92 |    38 ||   215
Dodge: Dodged            |    47 |    32 |    99 |    42 ||   220
Block: Shield            |    54 |    57 |   224 |   113 ||   448
       Reflection        |       |       |     5 |       ||     5
